 Dungeon Crawl Stone Soup version 0.22.0-40-g68aacdc (webtiles) character file.

34696 shadizar the Destroyer (level 13, -2/74 HPs)
             Began as a Gargoyle Fire Elementalist on Sept 2, 2018.
             Was the Champion of the Shining One.
             Slain by Rupert
             ... wielding a +3 battleaxe of chopping
              (6 damage)
             ... on level 2 of the Lair of Beasts.
             The game lasted 01:19:40 (19410 turns).

shadizar the Destroyer (GrFE)                      Turns: 19410, Time: 01:19:44

Health: -2/74      AC: 18    Str: 13    XL:     13   Next: 79%
Magic:  22/26      EV: 15    Int: 20    God:    the Shining One [******]
Gold:   1388       SH:  0    Dex: 18    Spells: 17/30 levels left

rFire    + . .     SeeInvis +   U - +7 Maxwell's thermic engine {flame, freeze}
rCold    . . .     Gourm    .   (no shield)
rNeg     + + +     Faith    .   J - +2 robe "Ullido" {rF+ MR+}
rPois    ∞         Spirit   .   k - +1 helmet
rElec    +         Reflect  .   Q - +0 cloak
rCorr    .         Harm     .   (no gloves)
MR       +....                  z - +0 pair of boots
Stlth    ++........             C - amulet of regeneration
HPRegen  0.62/turn              L - +5 ring of dexterity
MPRegen  0.20/turn              F - ring "Jijog" {Dex+3 SInv}

@: glowing
A: frail 1, negative energy resistance 1, electricity resistance, unbreathing,
petrification resistance, rot immunity, AC +9
a: Divine Shield, Cleansing Flame, Summon Divine Warrior, Brand Weapon With Holy
Wrath, Renounce Religion


You were on level 2 of the Lair of Beasts.
You worshipped the Shining One.
The Shining One was exalted by your worship.
You were not hungry.

You visited 4 branches of the dungeon, and saw 18 of its levels.
You also visited: Ossuary.

You collected 1873 gold pieces.
You spent 485 gold pieces at shops.

Inventory:

Hand Weapons
 a - a cursed -3 mace
 G - a +5 flail
 U - the +7 Maxwell's thermic engine (weapon) {flame, freeze}
   (You found it on level 11 of the Dungeon)

   It has been specially enchanted to burn those struck by it, causing extra
   injury to most foes and up to half again as much damage against particularly
   susceptible opponents.
   Big, fiery blades are also staple armaments of hydra-hunters.
Missiles
 d - 407 stones (quivered)
Armour
 k - a +1 helmet (worn)
 z - a +0 pair of boots (worn)
 B - a +1 robe of cold resistance
 J - the +2 robe "Ullido" (worn) {rF+ MR+}
   (You bought it in a shop on level 2 of the Orcish Mines)

   It protects you from fire.
   It affects your resistance to hostile enchantments.
 Q - a +0 cloak (worn)
 Z - the +0 ring mail of Enaits {Dex+3}
   (You bought it in a shop on level 2 of the Orcish Mines)

   It affects your dexterity (+3).
Jewellery
 o - a cursed -2 ring of dexterity
 p - an uncursed ring of ice
 w - an uncursed ring of flight
 y - a +2 ring of evasion
 C - an amulet of regeneration (around neck)
 D - an uncursed amulet of faith
 F - the ring "Jijog" (right hand) {Dex+3 SInv}
   (You acquired it on level 9 of the Dungeon)

   [ring of see invisible]

   It affects your dexterity (+3).
   It lets you see invisible.
 L - a +5 ring of dexterity (left hand)
 M - an uncursed ring of fire
 T - an uncursed ring of protection from fire {unknown}
 V - an uncursed ring of fire
Wands
 P - a wand of paralysis (22)
 X - a wand of disintegration (12)
 Y - a wand of digging (14)
Scrolls
 e - a scroll of amnesia
 f - 6 scrolls of teleportation
 h - 6 scrolls of identify
 n - 2 scrolls of magic mapping
 t - 4 scrolls of blinking
 N - 2 scrolls of enchant armour
 O - 4 scrolls of remove curse
 S - a scroll of fog
 W - 2 scrolls of enchant weapon
Potions
 b - 8 potions of curing
 g - 5 potions of lignification
 i - 2 potions of berserk rage
 j - 3 potions of resistance
 l - 2 potions of invisibility
 m - 3 potions of heal wounds
 q - 5 potions of brilliance
 r - 7 potions of flight
 u - 4 potions of haste
 x - 4 potions of agility
 A - 2 potions of ambrosia
 H - 3 potions of might
Miscellaneous
 I - a sack of spiders
 K - a fan of gales
Comestibles
 c - 28 rations


   Skills:
 + Level 10.3 Fighting
 * Level 3.7 Long Blades
 - Level 7.0 Maces & Flails
 - Level 6.0 Armour
 - Level 5.0 Dodging
 - Level 5.0 Stealth
 + Level 9.2 Spellcasting
 + Level 10.4 Conjurations
 + Level 10.0 Fire Magic
 - Level 5.5 Invocations
 - Level 3.3 Evocations


You had 17 spell levels left.
You knew the following spells:

 Your Spells              Type           Power        Failure   Level  Hunger
a - Flame Tongue          Conj/Fire      #####        1%          1    None
b - Conjure Flame         Conj/Fire      ######..     1%          3    None
c - Sticky Flame          Conj/Fire      ######..     1%          4    ###....
d - Fireball              Conj/Fire      ######....   3%          5    #####..

Your spell library contained the following spells:

 Spells                   Type           Power        Failure   Level  Hunger
 Magic Dart               Conj           ####         1%          1    None
 Throw Flame              Conj/Fire      ######       1%          2    None
 Inner Flame              Hex/Fire       ####....     3%          3    None
 Mephitic Cloud           Conj/Pois/Air  ###.....     5%          3    None
 Blink                    Tloc           N/A          12%         2    None
 Call Imp                 Summ           #.......     12%         2    None
 Slow                     Hex            #.......     12%         2    None


Dungeon Overview and Level Annotations

Branches:
Dungeon (12/15)            Temple (1/1) D:4            Lair (3/6) D:9
    Orc (2/2) D:12            Elf (0/3) Orc:2
  Swamp: Lair:2-4    Shoals: Lair:2-4     Snake: Lair:2-4    Spider: Lair:2-4

Altars:
Ashenzari
Cheibriados
Dithmenos
Elyvilon
Fedhas
Gozag
Hepliaklqana
Kikubaaqudgha
Makhleb
Nemelex Xobeh
Okawaru
Qazlal
Ru
Sif Muna
Trog
Uskayaw
Vehumet
Wu Jian
Xom
Yredelemnul
Zin
The Shining One
Beogh

Shops:
D:9 !   D:11 *   D:12 (   Orc:2 ?[%?

Annotations:
Lair:2 1 runed door, Rupert; emiel's ghost, journeyman CeVM
Lair:3 Nergalle


Innate Abilities, Weirdness & Mutations

You are resistant to torment.
Your stone body is resilient. (AC +9)
You are immune to poison.
You resist negative energy. (rN+)
You are resistant to electric shocks. (rElec)
You can survive without breathing.
You are immune to petrification.
You are immune to rotting.
You are frail. (-10% HP)


Message History

Aim: a komodo dragon (haloed)
The sticky flame hits the komodo dragon.
The komodo dragon is lightly wounded.
The komodo dragon is covered in liquid flames!
The komodo dragon burns!
The wolf closely misses you. The komodo dragon bites you! The wolf misses you.
Rupert hits you with a battleaxe of chopping!
Unknown command.
Unknown command.
Unknown command.
The komodo dragon burns!
The wolf bites you! The wolf completely misses you.
Unknown command.
You slice the komodo dragon!! You burn the komodo dragon!
You freeze the komodo dragon.
You kill the komodo dragon!
Your Fire Magic skill increases to level 10!
The wolf closely misses you.
Rupert hits you with a battleaxe of chopping!!
* * * LOW HITPOINT WARNING * * *
You die...

.......................≈≈§≈≈§....
.......................≈≈≈≈≈§....
.....................P.§≈§≈§.....
...............P......§§§≈≈≈.....
...................###.§§§§≈.....
...................# #.≈§≈≈≈.....
...............#h..# #...........
........##...P#h†@.# ##...##.PP..
.............###@..####...###....
...............................#.
........#.#....................#.
.........#.#...................##
..........................P..####
........#....#.....#.[....#.## ##
....#..##...###.............# #.
...###..#...# #............## ##
#.####......###............P# #.


You could see Rupert (berserk) and 2 wolves.

Vanquished Creatures
  Fannar (D:10)
  2 hydras
  An ogre mage (Orc:1)
  Harold (D:11)
  Erica (D:11)
  3 two-headed ogres (D:12)
  2 orc high priests (D:12)
  2 unseen horrors
  4 orc knights
  A harpy (shapeshifter) (D:12)
  A cyclops (D:11)
  Maurice (D:11)
  2 spiny frogs (Lair:2)
  A rime drake (Lair:2)
  4 komodo dragons
  4 trolls
  A hornet (D:12)
  Grinder (D:6)
  4 hippogriffs
  Sigmund (D:5)
  2 shadows
  2 wyverns
  2 wraiths
  4 hogs (D:7)
  19 yaks
  2 basilisks (D:9)
  A human (D:7)
  A hungry ghost (D:9)
  Menkaure (D:6)
  2 vampire mosquitoes (D:12)
  5 water moccasins
  2 wargs
  3 porcupines
  An acid dragon (D:12)
  37 orc warriors
  2 black bears
  2 ice beasts
  5 sky beasts
  5 phantoms
  6 necrophages
  7 ogres
  2 eyes of draining
  7 wolves
  18 centaurs
  6 crocodiles
  12 bullfrogs
  2 gnoll sergeants
  A wyvern zombie (D:6)
  5 scorpions
  3 killer bees (D:11)
  15 wights
  3 howler monkeys (D:9)
  7 crimson imps
  A quasit (D:11)
  2 bullfrog zombies
  9 hounds
  2 human zombies (D:7)
  4 jellies
  14 orc priests
  A bullfrog skeleton (D:4)
  2 centaur skeletons
  4 iguanas
  13 worker ants
  23 orc wizards
  A killer bee zombie (D:7)
  A big kobold zombie (Ossuary)
  A hound zombie (D:8)
  2 hound skeletons
  8 mummies (Ossuary)
  A howler monkey zombie (D:6)
  A worker ant zombie (D:10)
  13 gnolls
  8 adders
  3 shadow imps
  An ooze (D:1)
  An adder zombie (D:8)
  3 adder skeletons (D:4)
  4 worms
  3 dart slugs
  6 leopard geckos
  78 orcs
  2 ball pythons (D:1)
  8 giant cockroaches
  2 goblins
  4 hobgoblins
  15 jackals
  4 quokkas
  5 bats
  5 frilled lizards
  3 hobgoblin zombies (Ossuary)
  6 kobolds
  A kobold zombie (Ossuary)
  4 orc zombies
  A quokka zombie (D:8)
  7 rats
507 creatures vanquished.

Vanquished Creatures (others)
  An orc (D:9)
  A quokka (D:9)
  A bush (D:9)
  A fungus (D:9)
  8 plants (D:9)
12 creatures vanquished.

Grand Total: 519 creatures vanquished

Notes
Turn   | Place    | Note
-------+----------+-------------------------------------------
     0 | D:1      | shadizar the Gargoyle Fire Elementalist began the quest for the Orb.
     0 | D:1      | Reached XP level 1. HP: 10/10 MP: 3/3
   197 | D:1      | Reached XP level 2. HP: 8/15 MP: 3/5
   437 | D:1      | Reached skill level 1 in Fighting
   624 | D:1      | Reached XP level 3. HP: 19/20 MP: 3/6
  1186 | D:2      | Found an ornate altar of the Wu Jian Council.
  1742 | D:2      | Reached XP level 4. HP: 25/25 MP: 5/8
  1891 | D:2      | Learned a level 3 spell: Conjure Flame
  1896 | D:2      | Learned a level 4 spell: Sticky Flame
  2839 | D:3      | Found a glowing golden altar of the Shining One.
  2842 | D:3      | Became a worshipper of the Shining One
  3289 | D:4      | Reached skill level 1 in Maces & Flails
  3289 | D:4      | Reached XP level 5. HP: 11/30 MP: 1/9
  3841 | D:3      | Reached XP level 6. HP: 4/36 MP: 5/11
  4705 | D:4      | Found a staircase to the Ecumenical Temple.
  4719 | Temple   | Entered the Ecumenical Temple
  4874 | D:5      | Entered Level 5 of the Dungeon
  4894 | D:5      | Noticed a phantom
  4917 | D:5      | Killed a phantom
  4939 | D:5      | Found a shadowy altar of Dithmenos.
  5017 | D:5      | Noticed Sigmund
  5216 | D:5      | Killed Sigmund
  5216 | D:5      | Reached XP level 7. HP: 34/41 MP: 4/13
  5362 | D:5      | Reached * piety under the Shining One
  5439 | D:5      | Found a sand-covered staircase.
  5446 | Ossuary  | Entered an ossuary
  5909 | Ossuary  | Reached ** piety under the Shining One
  6557 | D:5      | Reached XP level 8. HP: 48/48 MP: 14/14
  6757 | D:5      | Reached skill level 5 in Fire Magic
  7117 | D:6      | Noticed Menkaure
  7127 | D:6      | Killed Menkaure
  7415 | D:6      | Reached skill level 5 in Spellcasting
  7418 | D:6      | Noticed Grinder
  7676 | D:6      | Reached skill level 5 in Fighting
  7676 | D:6      | Reached skill level 5 in Conjurations
  7721 | D:6      | Killed Grinder
  7721 | D:6      | Reached XP level 9. HP: 54/54 MP: 3/16
  8300 | D:6      | Found a sacrificial altar of Ru.
  8411 | D:7      | Reached skill level 5 in Maces & Flails
  8596 | D:7      | Found a snail-covered altar of Cheibriados.
  8654 | D:7      | Found a burning altar of Makhleb.
  8867 | D:7      | Reached *** piety under the Shining One
  8880 | D:7      | Found a basalt altar of Yredelemnul.
  8887 | D:7      | Reached XP level 10. HP: 61/61 MP: 17/19
  9410 | D:8      | Found a sparkling altar of Nemelex Xobeh.
  9591 | D:8      | Reached **** piety under the Shining One
  9698 | D:8      | Found a shattered altar of Ashenzari.
  9931 | D:8      | Found a hazy altar of Hepliaklqana.
 10441 | D:9      | Found Toruuv's Distillery.
 10479 | D:9      | Found a staircase to the Lair.
 10490 | D:9      | Reached XP level 11. HP: 64/68 MP: 18/21
 10527 | D:9      | Reached skill level 1 in Armour
 10527 | D:9      | Reached skill level 1 in Invocations
 10674 | D:9      | Reached skill level 1 in Evocations
 11129 | D:9      | Found a deep blue altar of Sif Muna.
 11170 | D:9      | Found a white marble altar of Elyvilon.
 11514 | D:9      | Found a shimmering altar of Xom.
 11571 | D:9      | Learned a level 5 spell: Fireball
 11581 | D:9      | Identified a scroll of acquirement
 11584 | D:9      | Got a translucent ivory ring
 11587 | D:9      | Identified the ring "Jijog" {Dex+3 SInv} (You acquired it on level 9 of the Dungeon)
 11644 | D:10     | Entered Level 10 of the Dungeon
 11674 | D:10     | Reached ***** piety under the Shining One
 11702 | D:10     | Noticed an unseen horror
 11709 | D:10     | Killed an unseen horror
 11859 | D:10     | Noticed Fannar
 11888 | D:10     | Killed Fannar
 12078 | D:11     | Found Acsint's General Store.
 12160 | D:11     | Noticed Maurice
 12168 | D:11     | Killed Maurice
 12191 | D:11     | Noticed Erica
 12345 | D:11     | Killed Erica
 12345 | D:11     | Reached XP level 12. HP: 72/75 MP: 3/23
 12395 | D:11     | Found the +2 Maxwell's thermic engine {flame, freeze}
 12582 | D:11     | Noticed Harold
 12934 | D:11     | Killed Harold
 13270 | D:12     | Reached skill level 5 in Stealth
 13273 | D:12     | Found Lutz's Weapon Shoppe.
 13275 | D:12     | Found a staircase to the Orcish Mines.
 13484 | D:12     | Noticed a two-headed ogre
 13502 | D:12     | Killed a two-headed ogre
 13826 | D:12     | Noticed a four-headed hydra
 13843 | D:12     | Killed a four-headed hydra
 14039 | D:12     | Noticed a two-headed ogre
 14051 | D:12     | Killed a two-headed ogre
 14164 | Orc:1    | Entered Level 1 of the Orcish Mines
 14444 | Orc:1    | Noticed an ogre mage
 14449 | Orc:1    | Noticed an orc high priest
 14453 | Orc:1    | Noticed an orc high priest
 14457 | Orc:1    | Noticed a soul eater
 14463 | Orc:1    | Gained mutation: You are frail. (-10% HP) [a neqoxec]
 14572 | D:12     | Killed an orc high priest
 14655 | D:12     | Killed an orc high priest
 14655 | D:12     | Reached skill level 5 in Armour
 14655 | D:12     | Reached skill level 5 in Invocations
 14679 | Orc:1    | Noticed a two-headed ogre
 14731 | D:12     | Killed a two-headed ogre
 14731 | D:12     | Reached XP level 13. HP: 35/72 MP: 12/25
 15186 | Orc:1    | Reached ****** piety under the Shining One
 15640 | Orc:1    | Found a roughly hewn altar of Beogh.
 15870 | Orc:2    | Entered Level 2 of the Orcish Mines
 16065 | Orc:2    | Reached skill level 10 in Conjurations
 16279 | Orc:2    | Reached skill level 1 in Long Blades
 16408 | Orc:2    | Found a roughly hewn altar of Beogh.
 16741 | Orc:2    | Found a staircase to the Elven Halls.
 16753 | Orc:2    | Reached skill level 10 in Fighting
 17437 | Orc:2    | Found Xeulix's Antique Armour Emporium.
 17437 | Orc:2    | Found Ymiulef's Food Shop.
 17439 | Orc:2    | Found Veob's Magic Scroll Boutique.
 17441 | Orc:2    | Found Pucvoudi's Magic Scroll Shoppe.
 17455 | Orc:2    | Bought a shimmering ring mail for 297 gold pieces
 17469 | Orc:2    | Identified the +0 ring mail of Enaits {Dex+3} (You bought it in a shop on level 2 of the Orcish Mines)
 17475 | Orc:2    | Bought a faintly humming robe for 188 gold pieces
 17486 | Orc:2    | Identified the +2 robe "Ullido" {rF+ MR+} (You bought it in a shop on level 2 of the Orcish Mines)
 17694 | Lair:1   | Entered Level 1 of the Lair of Beasts
 18673 | Lair:2   | Reached skill level 5 in Dodging
 18813 | Lair:2   | Found a runed door.
 18814 | Lair:2   | Found a shimmering altar of Xom.
 18814 | Lair:2   | Noticed emiel's ghost (journeyman CeVM)
 19301 | Lair:3   | Noticed Rupert
 19404 | Lair:3   | Noticed Nergalle
 19410 | Lair:2   | Reached skill level 10 in Fire Magic
 19410 | Lair:2   | Slain by Rupert

Skill      XL: |  1  2  3  4  5  6  7  8  9 10 11 12 13 |
---------------+----------------------------------------+-----
Fighting       | 1 2 3 4 5 6 7 8 9 10 | 10.3
Spellcasting   | 3 4 5 6 7 8 9 |  9.2
Conjurations   | 2 3 4 5 6 7 8 9 10 | 10.4
Maces & Flails | 1 2 3 4 5 7 |  7.0
Fire Magic     | 4 5 6 7 8 9 10 | 10.0
Armour         | 3 5 6 |  6.0
Invocations    | 3 5 |  5.5
Dodging        | 3 4 5 |  5.0
Evocations     | 2 3 |  3.3
Stealth        | 4 5 |  5.0
Long Blades    | 3 |  3.7

Action                   |  1- 3 |  4- 6 |  7- 9 | 10-12 | 13-15 || total
-------------------------+-------+-------+-------+-------+-------++-------
Melee: Unarmed           |    42 |       |       |       |       ||    42
       Whip              |    30 |    30 |       |       |       ||    60
       Mace              |       |   154 |   196 |       |       ||   350
       Flail             |       |       |   150 |   569 |    83 ||   802
       Double sword      |       |       |       |       |   133 ||   133
 Cast: Flame Tongue      |    57 |    98 |    56 |    69 |    43 ||   323
       Sticky Flame      |       |     2 |    38 |   122 |    52 ||   214
       Conjure Flame     |       |       |     2 |     4 |     1 ||     7
       Fireball          |       |       |       |     8 |    27 ||    35
  Use: Scroll            |       |     6 |     3 |    17 |     1 ||    27
       Potion            |       |       |       |     2 |       ||     2
 Stab: Sleeping          |     1 |     2 |       |       |       ||     3
  Eat: Chunk             |     3 |    10 |     9 |    31 |    20 ||    73
       Ration            |       |       |     4 |     1 |     2 ||     7
Armor: Robe              |    50 |    99 |   186 |   305 |   163 ||   803
Dodge: Dodged            |    95 |   185 |   275 |   463 |   287 ||  1305
       Rpst.: Double sword |       |       |       |       |    53 ||    53
